 Dungeon Sprint DCSS version 0.31-a0-455-g1a7b003ef0 (webtiles) character file.

Game seed: 104825675054570664

295 zazu2006 the Grappler (level 6, 0/45 (49) HPs)
             Began as a Gnoll Wanderer on Aug 3, 2023.
             Slain by Sonja
             ... wielding a +1 short sword of draining
              (1 damage)
             ... in the Dungeon (Sprint I: "Red Sonja").
             The game lasted 00:01:25 (82 turns).

zazu2006 the Grappler (Gnoll Wanderer)                Turns: 82, Time: 00:01:26

HP:   0/45 (49)     AC:  8    Str: 15    XL:     6   Next: 34%
MP:   14/14         EV: 10    Int: 11    God:
Gold: 81            SH:  0    Dex: 10    Spells: 14/15 levels left

rFire   . . .        a - +0 club
rCold   . . .        (no shield)
rNeg    . . .        c - +0 scale mail
rPois   .            (no helmet)
rElec   .            (no cloak)
rCorr   .            (no gloves)
SInv    .            (no boots)
Will    .....        (no amulet)
Stlth   ++           (no ring)
HPRegen 0.27/turn    (no ring)
MPRegen 0.14/turn

%: no teleportation
@: drained
A: fangs 1, strong nose, distributed training
a: no special abilities


You were in the Dungeon.
You visited 1 branch You collected 81 gold pieces.

Inventory:

Hand Weapons
 a - a +0 club (weapon)
Armour
 c - a +0 scale mail (worn)
Wands
 k - a wand of polymorph (3)
Scrolls
 d - a scroll of fog
 j - a scroll of blinking
Potions
 b - a potion of brilliance
 e - a potion of berserk rage
 g - a potion of heal wounds
 h - a potion of haste
 i - 2 potions of magic


   Skills:
 + Level 4.5 Fighting
 + Level 4.5 Short Blades
 + Level 4.5 Long Blades
 + Level 4.5 Axes
 + Level 4.5 Maces & Flails
 + Level 4.5 Polearms
 + Level 4.5 Staves
 + Level 4.5 Ranged Weapons
 + Level 4.5 Throwing
 + Level 8.0 Armour
 + Level 4.5 Dodging
 + Level 6.2 Stealth
 + Level 4.5 Shields
 + Level 8.0 Unarmed Combat
 + Level 5.4 Spellcasting
 + Level 3.7 Conjurations
 + Level 3.7 Hexes
 + Level 3.7 Summonings
 + Level 3.7 Necromancy
 + Level 4.3 Translocations
 + Level 3.7 Transmutations
 + Level 3.7 Fire Magic
 + Level 3.7 Ice Magic
 + Level 3.7 Air Magic
 + Level 3.7 Earth Magic
 + Level 3.7 Poison Magic
 + Level 5.0 Invocations
 + Level 4.5 Evocations
 + Level 3.7 Shapeshifting


You had 14 spell levels left.
You knew the following spells:

 Your Spells              Type           Power      Damage    Failure   Level
a - Apportation           Tloc           24%        N/A       11%         1

Your spell library contained the following spells:

 Spells                   Type           Power      Damage    Failure   Level
 Portal Projectile        Hex/Tloc       22%        N/A       36%         3


Dungeon Overview and Level Annotations

Branches:
Dungeon (1/1)

Altars:
Sif Muna
Vehumet
Wu Jian

Annotations:
D Sonja


Innate Abilities, Weirdness & Mutations

You have very sharp teeth.
Your uncanny sense of smell can sniff out nearby items.
Your experience applies equally to all skills.


Message History

Sonja hits you with a +1 short sword of draining.
Sonja completely misses you. Sonja closely misses you.
You barely miss Sonja.
Sonja casts a spell.
Sonja blinks!
As you close the door, it creaks loudly!
Your transformation is almost over.
Sonja breaks down the door.
You're too terrified to move while being watched!
Unknown command.
Sonja gestures wildly while chanting.
Sonja blinks!
Sonja throws a curare-tipped dart.
The curare-tipped dart hits you.
Sonja gestures wildly while chanting.
Sonja blinks!
Sonja throws a curare-tipped dart.
The curare-tipped dart closely misses you.
Sonja mumbles some strange words.
Sonja blinks!
Sonja misses you.
Sonja hits you with a +1 short sword of draining.
* * * LOW HITPOINT WARNING * * *
Sonja completely misses you.
You miss Sonja.
Sonja says, "If only old Madame Brzewit could see me now!"
Sonja hits you with a +1 short sword of draining.
* * * LOW HITPOINT WARNING * * *
Sonja hits you but does no damage. Sonja misses you.
You barely miss Sonja.
You stop sporulating.
Your +0 club unmelds from your body.
Your +0 scale mail unmelds from your body.
Sonja twirls her cape.
Sonja hits you with a +1 short sword of draining.
* * * LOW HITPOINT WARNING * * *
You feel drained.
* * * LOW HITPOINT WARNING * * *
Sonja hits you with a +1 short sword of draining.
* * * LOW HITPOINT WARNING * * *
You feel drained.
You die...

#..').#..'..#.$+
∆∆
#..#####'#####'#
#..# #..#∆∆∆#?#
∆∆ #..#
####∆∆##=# #..#
#+#_.+ #⌠⌠#
+..._# ####
#_§#+# ∆∆ ##'#∆
∆∆∆∆ #@# ∆
+$.K+∆∆ ∆∆ ∆
#$.$# ##.##
∆#+#∆ ∆∆∆∆∆
∆∆∆∆∆


You could see Sonja.

Vanquished Creatures
  Sigmund (D)
  An ogre (D)
  A jelly (D)
  Ijyb (D)
4 creatures vanquished.

Notes
Turn   | Place    | Note
-------+----------+-------------------------------------------
     0 | D        | zazu2006 the Gnoll Wanderer began the quest for the Orb.
     0 | D        | zazu2006 set off with the following items: a +0 club, a
                  | potion of brilliance, a +0 scale mail, a scroll of fog, 2
                  | potions of berserk rage, a potion of curing, a potion of
                  | heal wounds, a potion of haste, 2 potions of magic, a
                  | scroll of blinking; and the following spell memorised:
                  | Apportation; and the following spells available to
                  | memorise: Portal Projectile.
     0 | D        | Reached XP level 1. HP: 13/13 MP: 4/4
     1 | D        | Noticed Ijyb
     9 | D        | Killed Ijyb
    10 | D        | Reached skill level 1 in Fighting
    10 | D        | Reached skill level 1 in Short Blades
    10 | D        | Reached skill level 1 in Long Blades
    10 | D        | Reached skill level 1 in Axes
    10 | D        | Reached skill level 1 in Maces & Flails
    10 | D        | Reached skill level 1 in Polearms
    10 | D        | Reached skill level 1 in Staves
    10 | D        | Reached skill level 1 in Ranged Weapons
    10 | D        | Reached skill level 1 in Throwing
    10 | D        | Reached skill level 1 in Dodging
    10 | D        | Reached skill level 1 in Shields
    10 | D        | Reached skill level 1 in Conjurations
    10 | D        | Reached skill level 1 in Hexes
    10 | D        | Reached skill level 1 in Summonings
    10 | D        | Reached skill level 1 in Necromancy
    10 | D        | Reached skill level 1 in Transmutations
    10 | D        | Reached skill level 1 in Fire Magic
    10 | D        | Reached skill level 1 in Ice Magic
    10 | D        | Reached skill level 1 in Air Magic
    10 | D        | Reached skill level 1 in Earth Magic
    10 | D        | Reached skill level 1 in Poison Magic
    10 | D        | Reached skill level 1 in Evocations
    10 | D        | Reached skill level 1 in Shapeshifting
    10 | D        | Reached XP level 2. HP: 22/22 MP: 6/6
    10 | D        | Reached XP level 3. HP: 27/27 MP: 7/7
    12 | D        | Noticed an ogre
    16 | D        | Killed an ogre
    17 | D        | Reached skill level 5 in Stealth
    17 | D        | Reached XP level 4. HP: 35/35 MP: 8/10
    31 | D        | Noticed Sigmund
    52 | D        | Killed Sigmund
    53 | D        | Reached skill level 5 in Spellcasting
    53 | D        | Reached XP level 5. HP: 12/43 MP: 10/12
    53 | D        | Reached XP level 6. HP: 14/49 MP: 10/13
    58 | D        | Found a shimmering blue altar of Sif Muna.
    59 | D        | Found an ornate altar of the Wu Jian Council.
    60 | D        | Found a radiant altar of Vehumet.
    66 | D        | Reached skill level 5 in Invocations
    67 | D        | Noticed Sonja
    82 | D        | HP: 1/47 [Sonja/+1 short sword of draining (5)]
    82 | D        | Slain by Sonja

Illustrated notes

Levels and vault maps discovered:
D:        dungeon_sprint_1 [red_sonja_temple_1, red_sonja_temple_small_1]

Skill      XL: |  1  2  3  4  5  6 |
---------------+-------------------+-----
Fighting       | 1 3 4 |  4.5
Short Blades   | 1 3 4 |  4.5
Long Blades    | 1 3 4 |  4.5
Axes           | 1 3 4 |  4.5
Maces & Flails | 1 3 4 |  4.5
Polearms       | 1 3 4 |  4.5
Staves         | 1 3 4 |  4.5
Ranged Weapons | 1 3 4 |  4.5
Throwing       | 1 3 4 |  4.5
Dodging        | 1 3 4 |  4.5
Shields        | 1 3 4 |  4.5
Spellcasting   | 3 4 5 |  5.4
Conjurations   | 1 2 3 |  3.7
Hexes          | 1 2 3 |  3.7
Summonings     | 1 2 3 |  3.7
Necromancy     | 1 2 3 |  3.7
Translocations | 2 3 4 |  4.3
Transmutations | 1 2 3 |  3.7
Fire Magic     | 1 2 3 |  3.7
Ice Magic      | 1 2 3 |  3.7
Air Magic      | 1 2 3 |  3.7
Earth Magic    | 1 2 3 |  3.7
Poison Magic   | 1 2 3 |  3.7
Invocations    | 2 3 4 5 |  5.0
Evocations     | 1 3 4 |  4.5
Shapeshifting  | 1 2 3 |  3.7
Armour         | 7 8 |  8.0
Stealth        | 5 6 |  6.2
Unarmed Combat | 7 8 |  8.0

Action                     |  1- 3 |  4- 6 || total
---------------------------+-------+-------++-------
  Melee: Unarmed           |     7 |     9 ||    16
         Club              |     2 |    14 ||    16
         Bite              |     1 |     1 ||     2
         Punch             |       |     1 ||     1
  Evoke: Wand              |       |     1 ||     1
    Use: Potion            |     1 |     1 ||     2
   Stab: Confused          |     1 |       ||     1
         Sleeping          |       |     2 ||     2
 Armour: Scale mail        |       |     3 ||     3
         Skin              |       |     1 ||     1
  Dodge: Dodged            |     2 |    12 ||    14

Table legend: (Time is in decaauts)
 A = Elapsed time spent in this place.
 B = Non-inter-level travel time spent in this place.
 C = Inter-level travel time spent in this place.
 D = Time resting spent in this place.
 E = Time spent auto-exploring this place.
 F = Levels seen in this place.
 G = Mean time per level.
                   A        B        C        D        E       F      G
               +--------+--------+--------+--------+--------+-----+--------+
         Total |     89 |     89 |      0 |      0 |      0 |   1 |   89.0 |
       Dungeon |     89 |     89 |      0 |      0 |      0 |   1 |   89.0 |
               +--------+--------+--------+--------+--------+-----+--------+

Top non-repeatable levels by time:
       D: 89 daAuts
